 Dungeon Crawl Stone Soup version 0.31-a0-115-g4708a659fe (webtiles) character file.

Game seed: 8662579672267331275

190 frimble the Slasher (level 5, -1/37 HPs)
             Began as an Octopode Warper on May 30, 2023.
             Slain by a kobold
             ... wielding a +0 whip
              (2 damage)
             ... in a sewer.
             The game lasted 00:02:13 (2125 turns).

frimble the Slasher (Octopode Warper)               Turns: 2125, Time: 00:02:14

Health: -1/37      AC:  1    Str: 10    XL:     5   Next: 69%
Magic:  8/8        EV: 13    Int: 16    God:
Gold:   131        SH:  0    Dex: 13    Spells: 8/8 levels left

rFire   . . .        j - +0 falchion (heavy)
rCold   + . .        (no shield)
rNeg    . . .        (helmet restricted)
rPois   .            (no amulet)
rElec   .            i - ring of protection from cold
rCorr   .            (no ring)
SInv    .            (no ring)
Will    .....        (no ring)
Stlth   +++          (no ring)
HPRegen 0.26/turn    (no ring)
MPRegen 0.11/turn    (no ring)
                     (no ring)

%: no passive effects
@: lethally poisoned (-1 -> -25), hasted, very quick
A: almost no armour, amphibious, 8 rings, camouflage 1, gelatinous body 1,
nimble swimmer 1, tentacles
a: no special abilities


You were in a sewer.
You visited 1 branch of the dungeon, and saw 3 of its levels.
You also visited: Sewer.

You collected 131 gold pieces.

Inventory:

Hand Weapons
 a - a +0 short sword
 j - a +0 heavy falchion (weapon)
Missiles
 c - 7 boomerangs of dispersal (quivered)
Jewellery
 i - a ring of protection from cold (left tentacle)
Wands
 d - a wand of mindburst (8)
Scrolls
 b - a scroll of blinking
 f - a scroll of identify
 g - 2 scrolls of fog
 k - a scroll of vulnerability
 m - a scroll of brand weapon {unknown}
 n - a scroll of enchant armour
 o - a scroll of amnesia {unknown}
Potions
 e - a potion of berserk rage
 l - a potion of lignification {unknown}


   Skills:
 - Level 3.6 Fighting
 - Level 2.5(3.5) Short Blades
 + Level 3.8(4.2) Long Blades
 - Level 1.0 Throwing
 - Level 2.3 Dodging
 - Level 2.0 Spellcasting
 - Level 3.0 Translocations


You had 8 spell levels left.
You didn't know any spells.
Your spell library contained the following spells:

 Spells                   Type           Power      Damage    Failure   Level
 Blink                    Tloc           22%        N/A       9%          2
 Lesser Beckoning         Tloc           22%        N/A       9%          2
 Teleport Other           Tloc           11%        N/A       19%         3
 Vhi's Electric Charge    Tloc/Air       12%        N/A       32%         3
 Manifold Assault         Tloc           11%        N/A       52%         4


Dungeon Overview and Level Annotations

Branches:
Dungeon (3/15)              Sewer (1/1)

Altars:
Hepliaklqana


Innate Abilities, Weirdness & Mutations

You cannot wear most types of armour.
You are amphibious.
You can wear up to eight rings at the same time.
Your skin changes colour to match your surroundings (Stealth+).
Your rubbery body absorbs attacks. (AC +1, EV +1)
You are camouflaged when in or above water. (Stealth+)
You have tentacles for arms and can constrict up to eight enemies at once.


Message History

You hit the kobold but do no damage. Your grab misses the kobold.
The kobold splashes around in the water.
The kobold hits you with a +0 whip. The kobold closely misses you.
The kobold splashes around in the water.
The kobold completely misses you.
You barely miss the kobold. You grab the kobold. You constrict the kobold.
The kobold misses you. The kobold hits you but does no damage.
The kobold throws a poisoned dart.
The poisoned dart barely misses you.
The poisoned dart hits the plant!
The plant is poisoned.
The kobold misses you. x2
You slash the kobold!
You kill the kobold!
You constrict the kobold.
You kill the kobold!
You hear a splash. x2
The kobold hits you with a +0 dagger. The kobold closely misses you. x2
You slash the kobold!
You kill the kobold!
The kobold splashes around in the water.
The kobold closely misses you.
The kobold splashes around in the water.
The kobold hits you with a +0 dagger of venom.
You are poisoned.
You closely miss the kobold. Your grab misses the kobold.
* * * LOW HITPOINT WARNING * * *
You feel very sick.
The plant begins to die.
The kobold splashes around in the water.
The kobold hits you with a +0 dagger of venom.
* * * LOW HITPOINT WARNING * * *
You are more poisoned.
The kobold hits you but does no damage.
You don't know any spells.
It was a potion of haste.
You feel yourself speed up.
* * * LOW HITPOINT WARNING * * *
You feel very sick.
The kobold hits you with a +0 dagger of venom.
* * * LOW HITPOINT WARNING * * *
You are more poisoned.
The kobold hits you with a +0 whip.
You die...

###### #.!..# #.∩!.#
## #...!# #~≈~#....
##++##~~~##K)###
###..~~#~≈~~~K@).#
#...~~~#~≈~#P~P..#
##...~.~#~≈~#~~...#
#.......#~≈~#~~~..#
#......P#~≈~#.....#
#..†P.P~#~~~#.....#
##....~~P#~≈~#P...##
#.....~~~#~≈~#P~..##
#.....~~~~~≈~#~~...###


You could see 2 kobolds.

Vanquished Creatures
  A kobold brigand (Sewer)
  Ijyb (D:3)
  A gnoll (D:1)
  An adder (D:2)
  A worm (D:2)
  2 dart slugs (D:1)
  3 endoplasms
  13 giant cockroaches
  3 hobgoblins
  6 kobolds
  3 quokkas
  2 ball pythons
  5 bats
  7 frilled lizards
  8 goblins
  6 rats
63 creatures vanquished.

Notes
Turn   | Place    | Note
-------+----------+-------------------------------------------
     0 | D:1      | frimble the Octopode Warper began the quest for the Orb.
     0 | D:1      | Reached XP level 1. HP: 14/14 MP: 3/3
   250 | D:1      | Reached XP level 2. HP: 20/20 MP: 5/5
   686 | D:1      | Reached XP level 3. HP: 25/25 MP: 6/6
   715 | D:1      | Reached skill level 1 in Long Blades
  1057 | D:2      | Found a faded altar of an unknown god.
  1231 | D:2      | Reached XP level 4. HP: 28/31 MP: 7/7
  1850 | D:3      | Noticed Ijyb
  1865 | D:3      | Killed Ijyb
  1942 | D:3      | Found a hazy altar of Hepliaklqana.
  1988 | D:3      | Found a glowing drain.
  2007 | Sewer    | Entered a sewer
  2114 | Sewer    | Noticed a kobold brigand
  2119 | Sewer    | Killed a kobold brigand
  2120 | Sewer    | Reached XP level 5. HP: 21/37 MP: 8/8
  2125 | Sewer    | HP: 1/37 [kobold/+0 dagger of venom (2)]
  2125 | Sewer    | Slain by a kobold

Illustrated notes

Levels and vault maps discovered:
D:1:      minmay_arrival_semitransparent, layout_basic, minmay_misc_feat_iff,
          minmay_split_cup_small
D:2:      layout_basic, nicolae_ecumenical_oubliette, serial_curves,
          eino_curves_03, eino_curves_02, minivault_4
D:3:      layout_rooms, mainiacjoe_overflow_six_doors_small,
          gup_sewer_entry_pipe, kennysheep_generic_room_8, uniq_ijyb,
          uniq_grinder, uniq_natasha
Sewer:    kennysheep_pipe_town

Skill      XL: |  1  2  3  4 |
---------------+-------------+-----
Long Blades    | 1 3 |  3.8
Fighting       | 3 |  3.6
Short Blades   | |  2.5
Throwing       | |  1.0
Dodging        | |  2.3
Spellcasting   | |  2.0
Translocations | |  3.0

Action                     |  1- 3 |  4- 6 || total
---------------------------+-------+-------++-------
  Melee: Short sword       |    25 |       ||    25
         Tentacles         |    11 |     6 ||    17
         Constrict         |    14 |     9 ||    23
         Falchion          |    43 |    48 ||    91
  Evoke: Wand              |       |     1 ||     1
    Use: Scroll            |       |     3 ||     3
         Potion            |       |     3 ||     3
   Stab: Sleeping          |     6 |     2 ||     8
 Armour: Skin              |     9 |     9 ||    18
  Dodge: Dodged            |    43 |    47 ||    90

Table legend: (Time is in decaauts)
 A = Elapsed time spent in this place.
 B = Non-inter-level travel time spent in this place.
 C = Inter-level travel time spent in this place.
 D = Time resting spent in this place.
 E = Time spent auto-exploring this place.
 F = Levels seen in this place.
 G = Mean time per level.
                   A        B        C        D        E       F      G
               +--------+--------+--------+--------+--------+-----+--------+
         Total |   2195 |   2160 |     35 |      0 |   1725 |   4 |  548.8 |
       Dungeon |   2062 |   2027 |     35 |      0 |   1652 |   3 |  687.3 |
         Sewer |    132 |    132 |      0 |      0 |     73 |   1 |  132.0 |
               +--------+--------+--------+--------+--------+-----+--------+

Top non-repeatable levels by time:
     D:1: 990 daAuts
     D:2: 840 daAuts
     D:3: 231 daAuts
   Sewer: 132 daAuts
